 Dungeon Crawl Stone Soup version 0.31-a0-221-gbddc013574 (webtiles) character file.

Game seed: 6865729915199505814

917 Essalna the Chiller (level 7, 0/58 HPs)
             Began as a Demonspawn Ice Elementalist on July 4, 2023.
             Killed from afar by Dowan (7 damage)
             ... with a shard of ice
             ... on level 4 of the Dungeon.
             The game lasted 00:10:23 (3935 turns).

Essalna the Chiller (Demonspawn Ice Elementalist)   Turns: 3935, Time: 00:10:23

Health: 0/58       AC:  5    Str:  8    XL:     7   Next: 83%
Magic:  16/19      EV: 12    Int: 19    God:
Gold:   35         SH:  0    Dex: 13    Spells: 6/10 levels left

rFire   . . .        d - +0 whip
rCold   . . .        (no shield)
rNeg    + . .        f - +2 robe {rN+}
rPois   +            g - +0 helmet
rElec   .            (no cloak)
rCorr   .            (no gloves)
SInv    .            (no boots)
Will    .....        (no amulet)
Stlth   ++           l - ring of poison resistance
HPRegen 0.29/turn    s - ring of magical power
MPRegen 0.16/turn

%: no passive effects
@: no status effects
A: claws 2, foul stench 1, spiny 1
a: no special abilities


You were on level 4 of the Dungeon.
You visited 1 branch of the dungeon, and saw 4 of its levels.
You also visited: Sewer.

You collected 295 gold pieces.
You spent 260 gold pieces at shops.

Inventory:

Hand Weapons
 d - a +0 whip (weapon)
Armour
 a - a +0 robe
 f - a +2 robe of positive energy (worn)
 g - a +0 helmet (worn)
Jewellery
 l - a ring of poison resistance (left claw)
 s - a ring of magical power (right claw)
Wands
 q - a wand of flame (13)
Scrolls
 i - 4 scrolls of identify
 m - a scroll of blinking
 r - a scroll of teleportation
 u - a scroll of revelation
Potions
 b - a potion of magic
 c - a potion of curing
 e - 2 potions of heal wounds {unknown}
 h - a potion of resistance {unknown}
 j - a potion of might {unknown}
 k - a potion of cancellation {unknown}
 n - a potion of brilliance {unknown}
 o - a potion of ambrosia {unknown}
 p - a potion of berserk rage {unknown}
 t - a potion of lignification {unknown}


   Skills:
 + Level 6.2 Fighting
 - Level 1.7 Dodging
 - Level 1.7 Stealth
 - Level 2.0 Spellcasting
 + Level 6.9 Ice Magic


You had 6 spell levels left.
You knew the following spells:

 Your Spells              Type           Power      Damage    Failure   Level
a - Freeze                Ice            100%       1d10      1%          1
b - Frozen Ramparts       Ice            56%        1d9       3%          3

Your spell library contained the following spells:

 Spells                   Type           Power      Damage    Failure   Level
 Ozocubu's Armour         Ice            28%        N/A       3%          3
 Summon Ice Beast         Ice/Summ       15%        N/A       38%         4
 Vhi's Electric Charge    Tloc/Air       2%         N/A       45%         3
 Arcjolt                  Conj/Air       0%         1d10      99%         5
 Plasma Beam              Fire/Air       0%         2x1d10    100%        6


Dungeon Overview and Level Annotations

Branches:
Dungeon (4/15)              Sewer (visited)
 Temple: D:4-7

Altars:

Shops:
D:3 ?=:

Annotations:
D:4 Dowan


Innate Abilities, Weirdness & Mutations

You have very sharp fingernails.
You may rarely emit foul miasma when damaged in melee.
You are partially covered in sharp spines.


Message History

Press: ? - help, Dir - look around, f - activate The walls around you are covered in ice.
Dowan casts a spell at Duvessa.
Duvessa seems to speed up.
The wall freezes Duvessa.
Duvessa misses you.
You hit Duvessa but do no damage.
Duvessa is severely wounded.
The wall freezes Duvessa.
Duvessa hits you with a +0 short sword. Dowan gestures at you while chanting.
The puff of flame hits you.
The wall freezes Duvessa.
Duvessa says, "When magic and the sword combine, nothing stands against them."
Duvessa is struck by your spines.
You kill Duvessa!
Dowan screams, "No!
No!"
Dowan seems to find hidden reserves of power!
Your Fighting skill increases to level 6!
Dowan gestures wildly while chanting.
Dowan blinks!
Dowan casts a spell at you. The shard of ice misses you.
Dowan gestures at you while chanting. The stone arrow hits you!
* * * LOW HITPOINT WARNING * * *
Dowan mumbles some strange words.
Dowan blinks!
Your frozen ramparts will break if you move.
Continue?
Okay, then.
Unknown command.
Unknown command.
You feel better.
You feel your willpower return. Dowan casts a spell at you.
The shard of ice hits you!
* * * LOW HITPOINT WARNING * * *
Your frozen ramparts will break if you move.
Continue?
The frozen ramparts melt away as you move.
Dowan gestures wildly while chanting.
Dowan blinks!
Dowan points at you and mumbles some strange words.
The shard of ice hits you!
You die...

######..# #.##.# #.#
........####.##.#
#.##
.######...##.##.#
#..# ###.##.##.#
##.## #..#.##.# #..#
##....#.# ##.#
.###....# #.#
.........).#########
#.#
...####....@........
#.. #.....).......
### #...####......
#...# #e.... #...#
..ยง.. ##### ...>
###


You could see Dowan (fast).

Vanquished Creatures
  Sigmund (D:4)
  Duvessa (D:4)
  A kobold brigand (D:3)
  2 bullfrogs (Sewer)
  The ghost of whodunnit the Insei, a weakling DsMo (D:3)
  A hound (D:4)
  An orc priest (D:4)
  Jessica (D:2)
  An iguana (D:4)
  2 orc wizards (D:4)
  4 gnolls (D:3)
  7 adders
  A worm (D:2)
  7 dart slugs
  11 orcs
  21 endoplasms
  9 giant cockroaches
  3 goblins
  4 hobgoblins
  9 jackals
  9 quokkas
  11 ball pythons
  13 frilled lizards
  16 kobolds
  8 rats
145 creatures vanquished.

Notes
Turn   | Place    | Note
-------+----------+-------------------------------------------
     0 | D:1      | Essalna the Demonspawn Ice Elementalist began the quest for
                  | the Orb.
     0 | D:1      | Reached XP level 1. HP: 13/13 MP: 3/3
   143 | D:1      | Reached skill level 1 in Fighting
   144 | D:1      | Gained mutation: You are partially covered in sharp spines.
                  | [demonic ancestry]
   144 | D:1      | Reached XP level 2. HP: 21/21 MP: 0/5
   147 | D:2      | Noticed Jessica
   259 | D:2      | Killed Jessica
   260 | D:2      | Reached XP level 3. HP: 20/27 MP: 6/6
  1061 | D:2      | Gained mutation: You have sharp fingernails. [demonic
                  | ancestry]
  1061 | D:2      | Reached XP level 4. HP: 32/34 MP: 4/7
  1678 | D:2      | Learned a level 3 spell: Frozen Ramparts
  1710 | D:3      | Found a glowing drain.
  1715 | Sewer    | Entered a sewer
  2077 | Sewer    | Reached XP level 5. HP: 41/41 MP: 4/8
  2252 | Sewer    | Reached skill level 5 in Ice Magic
  2252 | Sewer    | Gained mutation: You have very sharp fingernails. [demonic
                  | ancestry]
  2252 | Sewer    | Reached XP level 6. HP: 42/48 MP: 3/9
  2900 | D:3      | Found a runed translucent gate.
  2901 | D:3      | Found a runed translucent gate.
  2901 | D:3      | Noticed whodunnit's ghost (weakling DsMo)
  2902 | D:3      | Found a runed translucent gate.
  2938 | D:3      | Killed whodunnit's ghost
  2939 | D:3      | Reached skill level 5 in Fighting
  3184 | D:3      | Gained mutation: You may rarely emit foul miasma when
                  | damaged in melee. [demonic ancestry]
  3184 | D:3      | Reached XP level 7. HP: 56/56 MP: 6/10
  3225 | D:3      | Found Ceapraad's Jewellery Shop.
  3230 | D:3      | Bought a ring of magical power for 260 gold pieces
  3291 | D:3      | Found Imaalistri's Magic Scroll Shop.
  3312 | D:3      | Found Hoceekifi's Book Shoppe.
  3379 | D:4      | Noticed Sigmund
  3399 | D:4      | Killed Sigmund
  3914 | D:4      | Noticed Duvessa
  3914 | D:4      | Noticed Dowan
  3930 | D:4      | Killed Duvessa
  3935 | D:4      | Killed from afar by Dowan

Illustrated notes

Levels and vault maps discovered:
D:1:      scummos_arrival_star, layout_rooms
D:2:      layout_rooms, uniq_jessica
D:3:      layout_basic, gammafunk_ghost_nasty_kobolds, serial_shops, shop,
          nicolae_shop_rolling_square, shop, gup_sewer_entry_bowl
D:4:      layout_rooms, minmay_temple_entry_nine_rooms, minmay_misc_feat_doors,
          uniq_duvessa, uniq_sigmund

Skill      XL: |  1  2  3  4  5  6  7 |
---------------+----------------------+-----
Fighting       | 1 2 3 4 5 6 |  6.2
Ice Magic      | 4 5 6 |  6.9
Dodging        | |  1.7
Stealth        | |  1.7
Spellcasting   | |  2.0

Action                     |  1- 3 |  4- 6 |  7- 9 || total
---------------------------+-------+-------+-------++-------
  Melee: Whip              |    27 |    92 |    27 ||   146
   Cast: Freeze            |    23 |    22 |       ||    45
         Frozen Ramparts   |       |    16 |    12 ||    28
    Use: Scroll            |     4 |     3 |     1 ||     8
         Potion            |       |       |     1 ||     1
   Stab: Sleeping          |     2 |     2 |       ||     4
 Armour: Robe              |     5 |    32 |    10 ||    47
  Dodge: Dodged            |    26 |    63 |    14 ||   103

Table legend: (Time is in decaauts)
 A = Elapsed time spent in this place.
 B = Non-inter-level travel time spent in this place.
 C = Inter-level travel time spent in this place.
 D = Time resting spent in this place.
 E = Time spent auto-exploring this place.
 F = Levels seen in this place.
 G = Mean time per level.
                   A        B        C        D        E       F      G
               +--------+--------+--------+--------+--------+-----+--------+
         Total |   4055 |   3927 |    128 |     92 |   2965 |   5 |  811.0 |
       Dungeon |   3225 |   3097 |    128 |     92 |   2340 |   4 |  806.2 |
         Sewer |    830 |    830 |      0 |      0 |    625 |   1 |  830.0 |
               +--------+--------+--------+--------+--------+-----+--------+

Top non-repeatable levels by time:
     D:3: 966 daAuts
     D:1: 926 daAuts
   Sewer: 830 daAuts
     D:2: 757 daAuts
     D:4: 575 daAuts
